 Dungeon Crawl Stone Soup version 0.16-a0-1009-g0339a9e (webtiles) character file.

6 MackTheKnife the Caller (level 1, 0/9 HPs)
             Began as a Vine Stalker Summoner on Oct 3, 2014.
             Slain by a hobgoblin
             ... wielding a +0 club
              (5 damage)
             ... on Level 1 of the Dungeon.
             The game lasted 00:01:24 (419 turns).

MackTheKnife the Caller (Vine Stalker Summoner)      Turns: 419, Time: 00:01:24

HP   0/9         AC  3     Str 10      XL: 1   Next: 90%
MP   0/3         EV 10     Int 15      God:
Gold 26          SH  0     Dex 14      Spells:  1 memorised,  4 levels left

rFire  . . .     SeeInvis .     (no weapon)
rCold  . . .     Clarity  .     j - +0 leather armour
rNeg   . . .     rCorr    .     (no shield)
rPois  .         rRot     +     (no helmet)
rElec  .         Spirit   +     (no cloak)
SustAb .         Warding  .     (no gloves)
rMut   .         Stasis   .     (no boots)
Gourm  .                        (no amulet)
MR     .....                    (no ring)
                                (no ring)

@: not resistant to hostile enchantments, unstealthy
A: fangs 2, regeneration 1, magic shield, antimagic bite, no device heal 3, rot
immunity
a: no special abilities


You were on level 1 of the Dungeon.
You were not hungry.

You visited 1 branch of the dungeon, and saw 1 of its levels.

You collected 26 gold pieces.


Innate Abilities, Weirdness & Mutations

You have extremely sharp teeth.
Your natural rate of healing is unusually fast.
When hurt, damage is shared between your health and your magic reserves.
Your bite disrupts and absorbs the magic of your enemies.
Potions and wands cannot restore your health.
You are immune to rotting.


   Skills:
 - Level 1.5 Dodging
 - Level 2.4 Stealth
 + Level 2.5 Spellcasting
 + Level 4.1 Summonings


You had 4 spell levels left.
You knew the following spells:

 Your Spells              Type           Power        Failure   Level  Hunger
z - Summon Small Mammal   Summ           ##..         4%          1    #......

Inventory:

Armour
 j - a +0 leather armour (worn)
Comestibles
 c - a bread ration
 f - a rotting chunk of bat flesh {@*1}
 g - a chunk of rat flesh {@*1}
 h - a royal jelly
Scrolls
 i - a scroll of identify {unknown}
Potions
 d - a potion of might {unknown}
 e - a potion of heal wounds {unknown}
Books
 b - a book of Callings

   Spells                             Type                      Level
   *Summon Small Mammal               Summoning                    1
   Call Imp                           Summoning                    2
   Call Canine Familiar               Summoning                    3
   Summon Guardian Golem              Hexes/Summoning              4
   Summon Lightning Spire             Summoning/Air                4
   Summon Ice Beast                   Ice/Summoning                4

▒≈#≈≈≈·· ▒▒▒+▒▒▒▒▒ ▒≈≈·###≈
▒·········· ▒##··≈≈#
▒·········(· ▒##·≈≈··
▒▒▒············ ▒≈#··≈≈≈
··········▒···· ▒≈#····≈
······▒······▒· ▒≈≈#≈≈··
········g········▒#≈≈≈#≈≈
········fb··▒····▒▒▒▒▒▒▒▒
········r···▒····+
············▒····▒
·············▒····▒
··········▒▒+▒▒····▒▒▒▒▒▒▒
···········▒▒+▒▒···········
·····························
····················[·········
··········▒▒▒····%············


You could see a hobgoblin, a friendly bat and a friendly rat.


Message History

A hobgoblin comes into view. It is wielding a club.
A hobgoblin is nearby!
A hobgoblin is nearby!
A hobgoblin is nearby!
Found 26 arrows.
The hobgoblin hits you with a club.
You closely miss the hobgoblin. You hit the hobgoblin.
The hobgoblin is lightly wounded.
The hobgoblin hits you with a club.
You barely miss the hobgoblin.
The hobgoblin is lightly wounded.
The hobgoblin barely misses you.
You barely miss the hobgoblin.
The hobgoblin is lightly wounded.
The hobgoblin closely misses you.
You hit the hobgoblin but do no damage.
The hobgoblin is lightly wounded.
The hobgoblin hits you with a club.
* * * LOW HITPOINT WARNING * * *
The hobgoblin hits you but does no damage.
The hobgoblin barely misses you.
You hit the hobgoblin but do no damage.
The hobgoblin is lightly wounded.
Your bat hits the hobgoblin. You hit the hobgoblin.
The hobgoblin is severely wounded.
The hobgoblin hits you with a club.
Ouch! That really hurt!
You die...

Action                   || total
-------------------------++-------
Melee: Unarmed           ||    53
 Cast: Summon Small Mamm ||     4
 Stab: Sleeping          ||     1

Vault maps used:
D:1:      dpeg_arrival_shrine

Notes
Turn   | Place    | Note
--------------------------------------------------------------
     0 | D:1      | MackTheKnife, the Vine Stalker Summoner, began the quest for the Orb.
     0 | D:1      | Reached XP level 1. HP: 9/9 MP: 3/3
   419 | D:1      | Slain by a hobgoblin

Vanquished Creatures
  A ball python (D:1)
  A bat (D:1)
  2 kobolds (D:1)
  2 rats (D:1)
6 creatures vanquished.

Vanquished Creatures (collateral kills)
  A rat (D:1)
1 creature vanquished.

Grand Total: 7 creatures vanquished
